SCURSCUM, neutral female scurrid Tourist aa| -@| ..| SCURSCUM the Excursionist Experience level: 6 Strength: 15 Dexterity: 9 Constitution: 14 Intelligence: 11 Wisdom: 8 Charisma: 18 Health: 0(47) Energy: 24(24) Def: 2 Gold: 959 Moves: 923 Dungeon seed: bTIuMmdrAoP4gzOd Game ID: SCURSCUM_1498712750 Your Inventory: Coins $ - 959 gold pieces Weapons a - 34 uncursed +2 darts (in quiver) Armor e - an uncursed +0 Hawaiian shirt (being worn) r - a blessed greased +2 shield of reflection (being worn) Comestibles b - 2 uncursed chestnuts c - 5 uncursed food rations d - an uncursed tripe ration f - 2 uncursed eggs g - 2 uncursed oranges Scrolls j - 3 uncursed scrolls of magic mapping p - a blessed scroll of identify q - 2 uncursed scrolls of identify D - an uncursed scroll of gold detection F - 4 cursed scrolls of magic mapping Wands m - an uncursed wand of secret door detection (0:15) G - a cursed wand of secret door detection (0:13) Tools k - an uncursed expensive camera (0:53) l - an uncursed credit card n - an uncursed towel J - an uncursed mirror R - a blessed oil lamp (0:1238) Spells and supernatural/magical abilities: Name Level Category Fail Memory W - pray for help -- divine ? -- Your skills at the end: Miscellaneous Skills wands [Basic] Weapon Skills dart [Basic] Spellcasting Skills Final Attributes: You were devoutly aligned. You had infravision. You were very stealthy. You had reflection. You are dead. Vanquished creatures: Medusa a wraith a gnomish wizard a kobold mummy 4 dwarves 8 gnomes 2 manes a kobold a newt a sewer rat a kobold zombie 22 creatures vanquished. Voluntary challenges: You followed a strict vegan diet. You did not adorn yourself with jewelry or accessories. You did not cause conflict. You were not invisible. You did not have reflection until turn 568. You were not displaced. You never hit with a wielded weapon. You did not use containers. You did not apply a unicorn horn. You did not use sinks. You read items or engraved 1 time, starting on turn 780. You never genocided any monsters. You never polymorphed an object. You never changed form. You used 1 wish, starting on turn 566. You did not wish for any artifacts. You never split a pudding. You never wrote Elbereth's name. You never violated your personal moral code. Dungeon overview: The Dungeons of Doom: levels 1 to 28 Level 1 a long staircase Level 2 a scroll shop, a sink Level 3 stairs to The Gnomish Mines Level 4 Level 5 Level 6 Level 7 Level 8 Level 9 a long staircase Level 10 Level 11 Level 12 a fountain Level 13 Level 14 Level 15 Level 16 Level 17 Level 18 Level 19 Level 20 Level 21 Level 22 many trees Level 23 Level 24 Level 25 Level 26 Level 27 Level 28 <- You were here The Gnomish Mines: levels 4 to 6 Level 4 stairs to The Dungeons of Doom Level 5 Level 6 some shops, a temple to The Lady, some fountains History has recorded: On T:1 you entered the Dungeons of Doom to retrieve the Amulet of Yendor! On T:130 you reached level 2 of The Dungeons of Doom. On T:315 you reached level 3 of The Dungeons of Doom. On T:316 you reached level 1 of The Gnomish Mines. On T:319 you reached level 2 of The Gnomish Mines. On T:362 you advanced to experience level 2. On T:368 you advanced to experience level 3. On T:465 you reached level 3 of The Gnomish Mines. On T:493 you entered the Minetown temple On T:499 you advanced to experience level 4. On T:561 you prayed to The Lady. On T:566 you wished for "blessed fixed greased +2 shield of reflection". On T:730 you reached level 4 of The Dungeons of Doom. On T:733 you reached level 5 of The Dungeons of Doom. On T:735 you reached level 6 of The Dungeons of Doom. On T:737 you reached level 7 of The Dungeons of Doom. On T:739 you reached level 8 of The Dungeons of Doom. On T:742 you reached level 9 of The Dungeons of Doom. On T:744 you reached level 10 of The Dungeons of Doom. On T:746 you reached level 11 of The Dungeons of Doom. On T:751 you reached level 12 of The Dungeons of Doom. On T:754 you reached level 13 of The Dungeons of Doom. On T:756 you reached level 14 of The Dungeons of Doom. On T:758 you reached level 15 of The Dungeons of Doom. On T:760 you reached level 16 of The Dungeons of Doom. On T:763 you reached level 17 of The Dungeons of Doom. On T:763 you entered the Rogue tribute level. On T:765 you reached level 18 of The Dungeons of Doom. On T:767 you reached level 19 of The Dungeons of Doom. On T:769 you reached level 20 of The Dungeons of Doom. On T:772 you reached level 21 of The Dungeons of Doom. On T:774 you reached level 22 of The Dungeons of Doom. On T:777 you reached level 23 of The Dungeons of Doom. On T:818 you killed Medusa on level 22 of The Dungeons of Doom. On T:818 you advanced to experience level 5. On T:857 you advanced to experience level 6. On T:910 you reached level 24 of The Dungeons of Doom. On T:912 you reached level 25 of The Dungeons of Doom. On T:914 you reached level 26 of The Dungeons of Doom. On T:916 you reached level 27 of The Dungeons of Doom. On T:919 you reached The Castle. On T:923 you prayed to The Lady. Score breakdown: Gold: 180 ( 18 points) Experience: 6 levels ( 500 points) Exploration: 28 levels ( 810 points) Discoveries: 7 items ( 350 points) Variety of kills: 11 monsters ( 550 points) Major goal: reached Minetown ( 500 points) Survival: died (score multiplied by 3) Total score: 8184 Latest messages: The soldier ant is blinded by the flash! The soldier ant turns to flee! You start digging downward. You hear dice being thrown. You continue digging downward. You dig a pit in the floor. The soldier ant bumps right into you! You continue digging downward. The floor here is too hard to dig in. The soldier ant bites! The soldier ant just misses! The soldier ant bites! The soldier ant stings! You continue digging downward. The floor here is too hard to dig in. The soldier ant bites! The soldier ant stings! You begin praying to The Lady. The soldier ant bites! The soldier ant stings! You die... Final status: Aloha SCURSCUM the Tourist, killed by a soldier ant, while praying... You died in The Dungeons of Doom on dungeon level 28 with 8184 points, and 959 pieces of gold, after 923 moves. You were level 6 with a maximum of 47 hit points when you died.